 Dungeon Crawl Stone Soup version 0.31-a0-183-g4352c244c2 (webtiles) character file.

Game seed: 1421502560793284369

39504 AvylaarBelgium the Eclecticist (level 13, -23/74 HPs)
             Began as a Deep Elf Conjurer on June 22, 2023.
             Was a High Priest of Vehumet.
             Killed by an exploding fulminant prism (46 damage)
             ... on level 5 of the Lair of Beasts.
             The game lasted 00:42:01 (14235 turns).

AvylaarBelgium the Eclecticist (Deep Elf Conjurer) Turns: 14235, Time: 00:42:01

Health: -23/74     AC:  4    Str:  4    XL:     13   Next: 69%
Magic:  16/47      EV: 30    Int: 29    God:    Vehumet [*****.]
Gold:   1118       SH:  0    Dex: 13    Spells: 22/50 levels left

rFire   . . .        R - +2 lajatang (flame)
rCold   . . .        (shield currently unavailable)
rNeg    . . .        a - +0 robe
rPois   +            (no helmet)
rElec   .            (no cloak)
rCorr   .            B - +0 pair of gloves
SInv    .            i - +0 pair of boots
Will    +....        M - amulet of the acrobat
Stlth   ++++         y - ring of poison resistance
HPRegen 0.32/turn    f - ring of magical power
MPRegen 0.30/turn

%: acrobat
@: acrobatic
A: no striking features
a: Renounce Religion


You were on level 5 of the Lair of Beasts.
You worshipped Vehumet.
Vehumet was extremely pleased with you.
You visited 3 branches of the dungeon, and saw 15 of its levels.
You also visited: Volcano.

You collected 1118 gold pieces.

Inventory:

Hand Weapons
 K - a +0 arbalest
 O - the +1 great sword "Jeuproan" {freeze, Stlth+}
   (You found it on level 1 of the Lair of Beasts)

   Stlth:     It makes you more stealthy.
 P - a +2 dire flail of holy wrath
 R - a +2 lajatang of flaming (weapon)
Missiles
 k - 23 poisoned darts
Armour
 a - a +0 robe (worn)
 i - a +0 pair of boots (worn)
 A - a +2 leather armour of fire resistance
 B - a +0 pair of gloves (worn)
 H - +0 acid dragon scales
 Z - a +0 kite shield
Jewellery
 f - a ring of magical power (right hand)
 p - a ring of flight
 r - a ring of protection from fire
 y - a ring of poison resistance (left hand)
 C - a +6 ring of intelligence
 F - a ring of protection from cold
 M - an amulet of the acrobat (around neck)
 T - a +4 ring of protection
Wands
 t - a wand of mindburst (17)
 I - a wand of polymorph (12)
 L - a wand of paralysis (8)
 Q - a wand of flame (22)
Scrolls
 c - 3 scrolls of fog {unknown}
 d - 3 scrolls of blinking
 h - 3 scrolls of enchant weapon
 j - 2 scrolls of vulnerability {unknown}
 l - 2 scrolls of amnesia
 o - 4 scrolls of teleportation {unknown}
 v - a scroll of silence {unknown}
 x - 5 scrolls of poison
 D - a scroll of noise
 E - a scroll of butterflies {unknown}
 G - a scroll of revelation
 J - 2 scrolls of brand weapon {unknown}
 W - a scroll of enchant armour {unknown}
 Y - 2 scrolls of fear
Potions
 b - a potion of magic
 e - 2 potions of curing
 g - 2 potions of might {unknown}
 m - 2 potions of heal wounds {unknown}
 n - 2 potions of cancellation
 q - a potion of attraction {unknown}
 s - a potion of brilliance
 u - a potion of haste
 w - 3 potions of degeneration
 z - a potion of resistance
 S - a potion of invisibility {unknown}
Miscellaneous
 X - a condenser vane


   Skills:
 - Level 6.0 Fighting
 - Level 3.0 Ranged Weapons
 - Level 7.4 Dodging
 - Level 8.0 Stealth
 + Level 19.1 Spellcasting
 + Level 15.3 Conjurations
 - Level 8.0 Hexes
 - Level 1.0 Translocations
 - Level 3.0 Ice Magic


You had 22 spell levels left.
You knew the following spells:

 Your Spells              Type           Power      Damage    Failure   Level
a - Magic Dart            Conj           100%       1d8       0%          1
b - Searing Ray           Conj           100%       2d8       0%          2
c - Fulminant Prism       Conj/Hex       38%        3d17      1%          4
d - Iskenderun's Mystic   Conj/Tloc      66%        2d14      1%          4
e - Summon Ice Beast      Ice/Summ       36%        N/A       8%          4
f - Sublimation of Blood  Necr           27%        N/A       2%          2
g - Olgreb's Toxic Radia  Pois           27%        N/A       4%          4
h - Passage of Golubria   Tloc           33%        N/A       10%         4
i - Hailstorm             Conj/Ice       69%        3d14      1%          3

Your spell library contained the following spells:

 Spells                   Type           Power      Damage    Failure   Level
 Eringya's Noxious Bog    Tmut/Pois      13%        N/A       47%         6
 Sting                    Tmut/Pois      100%       1d8       1%          1
 Summon Small Mammal      Summ           100%       N/A       1%          1
 Poisonous Vapours        Pois/Air       54%        N/A       1%          2
 Dazzling Flash           Conj/Hex       100%       N/A       1%          3
 Frozen Ramparts          Ice            90%        1d14      1%          3
 Summon Guardian Golem    Hex/Summ       50%        N/A       1%          3
 Cause Fear               Hex            32%        N/A       1%          4
 Wereblood                Tmut           27%        N/A       2%          2
 Anguish                  Hex/Necr       25%        N/A       2%          4
 Call Canine Familiar     Summ           27%        N/A       4%          3
 Ice Form                 Ice/Tmut       36%        N/A       8%          4
 Silence                  Hex/Air        25%        N/A       8%          5
 Enfeeble                 Hex            32%        N/A       43%         7
 Lehudib's Crystal Spear  Conj/Erth      32%        10d8      67%         8
 Summon Hydra             Summ           13%        N/A       100%        7


Dungeon Overview and Level Annotations

Branches:
Dungeon (9/15)             Temple (1/1) D:6            Lair (5/5) D:8
 Shoals (0/4) Lair:3       Spider (0/4) Lair:2        Slime (0/5) Lair:4
Volcano (visited)
    Orc: D:9-12

Altars:
Ashenzari
Cheibriados
Dithmenos
Elyvilon
Gozag
Hepliaklqana
Kikubaaqudgha
Nemelex Xobeh
Okawaru
Qazlal
Ru
Sif Muna
Trog
Uskayaw
Vehumet
Wu Jian
Xom
Yredelemnul
The Shining One
Jiyva

Annotations:
D:3 4 runed translucent doors, Crazy Yiuf; mmBingo's ghost, amateur DsNe
D:4 1 exclusion, Sigmund
D:7 exclusion: downstairs
Lair:3 exclusion: downstairs
Lair:4 3 runed translucent doors, exclusion: 2 downstairs, Acha's ghost, journeyman KoEn
Lair:5 Nessos


Message History

Unknown command.
A white imp comes into view.
Your fulminant prism crackles loudly.
Found 16 gold pieces.
Your fulminant prism explodes!
The blast of energy engulfs the eight-headed hydra!!
The eight-headed hydra is severely wounded.
The blast of energy engulfs the yak!
You kill the yak!
Vehumet accepts your kill.
You feel your power returning.
The blast of energy engulfs the blink frog!
You kill the blink frog!
Vehumet accepts your kill.
You feel your power returning.
The blast of energy engulfs the yak!
The yak is moderately wounded.
You hear a bellow!
You hear an angry hiss.
Unknown command.
Casting: Fulminant Prism (safe; 1% risk of failure)
Confirm with . or Enter, or press ? or * to list all spells.
Aiming: Fulminant Prism (safe; 1% risk of failure)
Press: ? - help, Dir - move target You conjure a prism of explosive energy!
A fulminant prism comes into view.
The white imp gestures at you. The puff of frost hits you.
The eight-headed hydra attacks as you move away!
The eight-headed hydra completely misses you.
The eight-headed hydra bites you.
The eight-headed hydra closely misses you.
The eight-headed hydra barely misses you.
The eight-headed hydra bites you!
The eight-headed hydra barely misses you.
The eight-headed hydra bites you! The eight-headed hydra bites you.
* * * LOW HITPOINT WARNING * * *
Your fulminant prism crackles loudly.
Your fulminant prism explodes!
The blast of energy engulfs you!!!
Ouch! That really hurt!
You die...

**,,,,,...*##.†........##
**..,,,...##..<†÷#.....##
**.,..,**,..##...#........
*,#...#*##.#.#.†..#.....##
*,...#.##.###........#####
**..............†...##*,*#
*............†....†#,*,,,
*.................†....Y.
*.......@DY..............
*#.........†...Y†........
**..$.............####.#..
*,.....##..##.#..##***##*.
**...##*###..#..P#**,*,**,
**P.**,*,,,#.P....#,,,,***
*,.,,**,,,,,.,.P....,,,,*,
***,,,,,,,,,,.......,,,,**
**,,**,,,,,,,,,...,,,,,**


You could see an eight-headed hydra and 2 yaks.

Vanquished Creatures
  2 hydras
  A two-headed ogre (D:9)
  A catoblepas (Lair:3)
  6 death yaks
  A pharaoh ant (Lair:2)
  A lindwurm (Lair:1)
  A merfolk siren (Lair:3)
  23 elephants
  5 black mambas
  A gargoyle (Volcano)
  11 cane toads
  4 rime drakes
  2 unseen horrors
  An efreet (Volcano)
  6 komodo dragons
  A tarantella (Lair:2)
  A troll (D:8)
  20 blink frogs
  A hornet (D:8)
  A wyvern (Lair:3)
  A wraith (D:9)
  5 basilisks
  25 yaks
  2 fire elementals (Volcano)
  2 steam dragons
  A vampire mosquito (Lair:5)
  A redback (Lair:2)
  An acid dragon (D:8)
  12 water moccasins
  2 ice beasts
  2 orc warriors
  A sky beast (D:7)
  5 black bears
  3 ogres
  9 wolves
  5 centaurs
  3 phantoms
  A kobold brigand (D:8)
  11 bullfrogs
  A gnoll sergeant (D:9)
  4 scorpions
  4 wights (D:9)
  14 killer bees
  4 howler monkeys
  3 electric eels (D:8)
  9 hounds
  2 jellies
  3 orc priests (D:7)
  Ijyb (D:5)
  A sleepcap (D:5)
  An iguana (D:5)
  An orc wizard (D:8)
  5 gnolls (D:9)
  7 adders
  2 white imps
  2 ufetubi
  3 worms (D:2)
  3 dart slugs (D:3)
  10 orcs
  8 ball pythons
  3 endoplasms
  3 giant cockroaches
  8 goblins
  6 hobgoblins
  15 kobolds
  4 quokkas
  6 bats
  3 frilled lizards
  6 rats
  2 fulminant prisms (D:8)
326 creatures vanquished.

Vanquished Creatures (others)
  A wizard (D:5)
  212 fulminant prisms
213 creatures vanquished.

Grand Total: 539 creatures vanquished

Notes
Turn   | Place    | Note
-------+----------+-------------------------------------------
     0 | D:1      | AvylaarBelgium the Deep Elf Conjurer began the quest for
                  | the Orb.
     0 | D:1      | Reached XP level 1. HP: 10/10 MP: 6/6
    94 | D:1      | Reached XP level 2. HP: 15/15 MP: 4/8
   317 | D:1      | Reached skill level 5 in Conjurations
   852 | D:2      | Reached XP level 3. HP: 19/19 MP: 3/9
  1274 | D:2      | Learned a level 2 spell: Searing Ray
  1600 | D:3      | Reached XP level 4. HP: 24/24 MP: 4/11
  1689 | D:3      | Found a faded altar of an unknown god.
  1778 | D:3      | Found a runed translucent gate.
  1778 | D:3      | Found a runed translucent gate.
  1778 | D:3      | Found a runed translucent gate.
  1778 | D:3      | Found an opulent altar of Gozag.
  1778 | D:3      | Noticed a steam dragon
  1780 | D:3      | Noticed mmBingo's ghost (amateur DsNe)
  1997 | D:3      | Reached skill level 4 in Spellcasting
  2401 | D:3      | Found a runed translucent door.
  2402 | D:3      | Noticed Crazy Yiuf
  2464 | D:4      | Learned a level 4 spell: Fulminant Prism
  2472 | D:4      | Noticed Sigmund
  2657 | D:4      | Reached XP level 5. HP: 28/28 MP: 2/14
  2863 | D:4      | Reached skill level 5 in Spellcasting
  3002 | D:4      | Found a shadowy altar of Dithmenos.
  3011 | D:4      | Noticed a phantom
  3019 | D:4      | Killed a phantom
  3020 | D:4      | Reached XP level 6. HP: 31/32 MP: 5/16
  3104 | D:4      | Reached skill level 6 in Spellcasting
  4057 | D:5      | Entered Level 5 of the Dungeon
  4096 | D:5      | Reached XP level 7. HP: 36/36 MP: 13/19
  4125 | D:5      | Reached skill level 7 in Spellcasting
  4163 | D:5      | Found a shimmering altar of Xom.
  4325 | D:5      | Noticed Ijyb
  4336 | D:5      | Killed Ijyb
  4594 | D:5      | Found a bloodstained altar of Trog.
  4595 | D:5      | Noticed a wizard
  4600 | D:5      | Killed a wizard
  4852 | D:6      | Reached skill level 8 in Spellcasting
  5020 | D:6      | Reached XP level 8. HP: 41/41 MP: 21/22
  5107 | D:6      | Reached skill level 9 in Spellcasting
  5228 | D:6      | Reached skill level 1 in Hexes
  5325 | D:6      | Found a staircase to the Ecumenical Temple.
  5331 | Temple   | Entered the Ecumenical Temple
  5339 | Temple   | Became a worshipper of Vehumet
  5716 | D:7      | Learned a level 4 spell: Iskenderun's Mystic Blast
  5717 | D:7      | Found a white marble altar of Elyvilon.
  5718 | D:7      | Found an iron altar of Okawaru.
  5732 | D:7      | Reached skill level 10 in Spellcasting
  5818 | D:7      | Reached skill level 10 in Conjurations
  6023 | D:7      | Reached XP level 9. HP: 45/45 MP: 25/25
  6023 | D:7      | Found a basalt altar of Yredelemnul.
  6443 | D:7      | Killed an unseen horror
  6444 | D:7      | Reached skill level 11 in Spellcasting
  7074 | D:8      | Reached skill level 1 in Fighting
  7075 | D:8      | Reached * piety under Vehumet
  7075 | D:8      | Offered knowledge of Kiss of Death by Vehumet.
  7135 | D:8      | Reached skill level 1 in Translocations
  7154 | D:8      | Reached skill level 12 in Spellcasting
  7445 | D:8      | Reached skill level 5 in Hexes
  7522 | D:8      | Found a stormy altar of Qazlal.
  7731 | D:8      | Reached XP level 10. HP: 52/52 MP: 28/28
  7737 | D:8      | Reached skill level 1 in Ranged Weapons
  7743 | D:8      | Reached skill level 13 in Spellcasting
  7771 | D:8      | Reached ** piety under Vehumet
  7778 | D:8      | Offered knowledge of Freeze by Vehumet.
  8055 | D:8      | Found a staircase to the Lair.
  8530 | D:9      | Found a sparkling altar of Nemelex Xobeh.
  8715 | D:9      | Found a hazy altar of Hepliaklqana.
  8829 | D:9      | Reached skill level 14 in Spellcasting
  8897 | D:9      | Found a sacrificial altar of Ru.
  8919 | D:9      | Noticed a two-headed ogre
  8935 | D:9      | Killed a two-headed ogre
  8936 | D:9      | Reached XP level 11. HP: 57/57 MP: 18/31
  8943 | D:9      | Learned a level 4 spell: Summon Ice Beast
  8946 | D:9      | Learned a level 2 spell: Sublimation of Blood
  8951 | D:9      | Learned a level 4 spell: Olgreb's Toxic Radiance
  8956 | D:9      | Learned a level 4 spell: Passage of Golubria
  9143 | D:9      | Found a glowing golden altar of the Shining One.
  9197 | D:9      | Found a snail-covered altar of Cheibriados.
  9362 | Lair:1   | Entered Level 1 of the Lair of Beasts
  9362 | Lair:1   | Noticed a death yak
  9362 | Lair:1   | Noticed a death yak
  9362 | Lair:1   | Noticed a death yak
  9362 | Lair:1   | Noticed a death yak
  9362 | Lair:1   | Noticed a death yak
  9369 | Lair:1   | Offered knowledge of Mephitic Cloud by Vehumet.
  9378 | Lair:1   | Killed a death yak
  9381 | Lair:1   | Killed a death yak
  9381 | Lair:1   | Killed a death yak
  9381 | Lair:1   | Killed a death yak
  9382 | Lair:1   | Reached skill level 15 in Spellcasting
  9387 | Lair:1   | Killed a death yak
  9403 | Lair:1   | Reached skill level 16 in Spellcasting
  9443 | Lair:1   | Reached *** piety under Vehumet
  9502 | Lair:1   | Found a dark tunnel.
  9502 | Lair:1   | Noticed a lindwurm
  9516 | Lair:1   | Killed a lindwurm
  9532 | Lair:1   | Identified the +1 great sword "Jeuproan" {freeze, Stlth+}
  9619 | Volcano  | Entered a volcano
  9631 | Volcano  | Reached skill level 17 in Spellcasting
  9719 | Volcano  | Offered knowledge of Volatile Blastmotes by Vehumet.
 10059 | Lair:1   | Reached skill level 1 in Ice Magic
 10062 | Lair:1   | Reached XP level 12. HP: 48/66 MP: 32/35
 10353 | Lair:1   | Reached skill level 18 in Spellcasting
 10921 | Lair:1   | Reached skill level 5 in Fighting
 11202 | Lair:2   | Reached **** piety under Vehumet
 11209 | Lair:2   | Found a hole to the Spider Nest.
 11341 | Lair:2   | Noticed a four-headed hydra
 11354 | Lair:2   | Killed a four-headed hydra
 12029 | Lair:3   | Noticed a catoblepas
 12046 | Lair:3   | Killed a catoblepas
 12205 | Lair:3   | Offered knowledge of Hailstorm by Vehumet.
 12209 | Lair:3   | Reached skill level 5 in Stealth
 12231 | Lair:3   | Reached skill level 5 in Dodging
 12439 | Lair:3   | Noticed a five-headed hydra
 12449 | Lair:3   | Killed a five-headed hydra
 12814 | Lair:3   | Found a staircase to the Shoals.
 13049 | Lair:4   | Reached XP level 13. HP: 70/74 MP: 28/37
 13296 | Lair:4   | Noticed Acha's ghost (journeyman KoEn)
 13566 | Lair:4   | Found a viscous altar of Jiyva.
 13566 | Lair:4   | Found a staircase to the Slime Pits.
 13679 | Lair:4   | Found a runed translucent gate.
 13684 | Lair:4   | Learned a level 3 spell: Hailstorm
 13684 | Lair:4   | Found a runed translucent gate.
 13686 | Lair:4   | Found a runed translucent gate.
 13919 | Lair:5   | Entered Level 5 of the Lair of Beasts
 13919 | Lair:5   | Noticed Nessos
 14083 | Lair:4   | Reached ***** piety under Vehumet
 14158 | Lair:5   | Reached skill level 15 in Conjurations
 14218 | Lair:5   | Offered knowledge of Eringya's Noxious Bog by Vehumet.
 14226 | Lair:5   | Reached skill level 19 in Spellcasting
 14235 | Lair:5   | Killed by an exploding fulminant prism

Illustrated notes

Levels and vault maps discovered:
D:1:      dpeg_arrival_boxes_within_box, layout_basic
D:2:      minmay_door_path, layout_rooms, corexii_hall_statues_x,
          minmay_door_square, minivault_5
D:3:      layout_basic, chequers_ecumenical_altar_simple, ebering_ghost_gozag,
          uniq_crazy_yiuf_cottage
D:4:      layout_layer_cave, mainiacjoe_overflow_boulevard,
          hangedman_decor_riveting, columned_hall_lemuel, uniq_sigmund
D:5:      layout_rooms, xom_teletrap_fun, trog_wizard, uniq_ijyb
D:6:      layout_cave_pools, minmay_temple_entry_fiery
D:7:      minmay_spotlight, layout_layer_cave,
          mainiacjoe_overflow_cross_hatched, amcnicky_altar_gilded,
          okawaru_ov_weapons_minmay
D:8:      layout_basic, old_standard_altar, erik_lair_island, serial_glass,
          glass_columns_a, glass_columns_a, amcnicky_mini_pool_small,
          nicolae_concentric_dashed_squares_wild
D:9:      layout_long_grid, mainiacjoe_overflow_six_doors_small,
          nicolae_overflow_crystal_walls, mainiacjoe_overflow_small_starburst,
          lemuel_doored_altar, nicolae_ru_path_of_blood
Temple:   eino_temple_lava
Lair:1:   layout_regular_city, nicolae_volcano_entry_vermiform, minmay_holes
Lair:2:   layout_cave_pods, nicolae_spider_entry_lesser_pyramids
Lair:3:   layout_loops_ring, minmay_shoals_entry_lonely_mermaid,
          minmay_stone_trees_large
Lair:4:   layout_misc_corridors, dpeg_slime_entry_enclosed, gammafunk_ghost_icy,
          beast_lair_carwin_2, grunt_megastairs_2, serial_bayou_shore_b
Lair:5:   minmay_lair_end_frog_pond, layout_regular_city,
          portal_ice_cave_entry_imps, lemuel_fruit_tree, uniq_nessos

Skill      XL: |  1  2  3  4  5  6  7  8  9 10 11 12 13 |
---------------+----------------------------------------+-----
Conjurations   | 5 6 7 8 10 11 12 13 14 15 | 15.3
Spellcasting   | 4 5 6 8 10 12 14 17 18 19 | 19.1
Hexes          | 3 5 8 |  8.0
Fighting       | 1 4 6 |  6.0
Translocations | 1 |  1.0
Ranged Weapons | 2 3 |  3.0
Ice Magic      | 1 3 |  3.0
Dodging        | 5 7 |  7.4
Stealth        | 6 8 |  8.0

Action                     |  1- 3 |  4- 6 |  7- 9 | 10-12 | 13-15 || total
---------------------------+-------+-------+-------+-------+-------++-------
  Melee: Dagger            |       |     5 |       |       |       ||     5
         Lajatang          |       |       |       |       |     4 ||     4
   Fire: Orcbow            |       |       |     3 |     1 |       ||     4
         Arbalest          |       |       |       |     4 |     3 ||     7
   Cast: Magic Dart        |    77 |    72 |    60 |    15 |       ||   224
         Searing Ray       |       |     7 |    37 |    25 |    11 ||    80
         Fulminant Prism   |       |     1 |    42 |   134 |    37 ||   214
         Iskenderun's Myst |       |       |     7 |    37 |    33 ||    77
         Passage of Golubr |       |       |       |     3 |       ||     3
         Hailstorm         |       |       |       |       |     1 ||     1
    Use: Scroll            |       |     4 |     5 |     3 |     1 ||    13
         Potion            |       |     1 |       |     4 |       ||     5
 Armour: Robe              |     2 |     2 |    16 |     3 |     4 ||    27
  Dodge: Dodged            |     3 |     9 |    40 |    23 |    43 ||   118

Table legend: (Time is in decaauts)
 A = Elapsed time spent in this place.
 B = Non-inter-level travel time spent in this place.
 C = Inter-level travel time spent in this place.
 D = Time resting spent in this place.
 E = Time spent auto-exploring this place.
 F = Levels seen in this place.
 G = Mean time per level.
                   A        B        C        D        E       F      G
               +--------+--------+--------+--------+--------+-----+--------+
         Total |  14244 |  13784 |    460 |   2630 |   8730 |  16 |  890.2 |
       Dungeon |   9347 |   9031 |    316 |   1537 |   6271 |   9 | 1038.6 |
        Temple |     16 |     16 |      0 |      0 |      0 |   1 |   16.0 |
          Lair |   4584 |   4440 |    144 |   1002 |   2455 |   5 |  916.8 |
       Volcano |    296 |    296 |      0 |     91 |      4 |   1 |  296.0 |
               +--------+--------+--------+--------+--------+-----+--------+

Top non-repeatable levels by time:
     D:4: 1635 daAuts
     D:7: 1631 daAuts
     D:8: 1421 daAuts
  Lair:3: 1316 daAuts
  Lair:1: 1293 daAuts
  Lair:2: 946 daAuts
  Lair:4: 891 daAuts
     D:3: 847 daAuts
     D:9: 832 daAuts
     D:1: 821 daAuts
     D:5: 781 daAuts
     D:2: 751 daAuts
     D:6: 624 daAuts
 Volcano: 296 daAuts
  Lair:5: 136 daAuts
